 Dungeon Crawl Stone Soup version 0.25.1-2-g60ff931df9 (webtiles) character file.

Game seed: 2558734782366554812

113965 Johnny the Impaler (level 15, 0/137 HPs)
             Began as a Demigod Gladiator on Aug 16, 2020.
             Killed from afar by a shock serpent (18 damage)
             ... with a bolt of electricity
             ... on level 1 of the Snake Pit.
             The game lasted 00:47:48 (30779 turns).

Johnny the Impaler (Demigod Gladiator)             Turns: 30779, Time: 00:47:48

Health: 0/137      AC: 18    Str: 33    XL:     15   Next: 67%
Magic:  0/18       EV: 16    Int: 12    God:
Gold:   217        SH:  0    Dex: 17    Spells: 14/14 levels left

rFire    . . .     SeeInvis .   o - +8 demon trident (venom)
rCold    . . .     Gourm    .   (no shield)
rNeg     . . .     Faith    .   x - +2 scale mail {rPois}
rPois    +         Spirit   +   c - +0 helmet
rElec    .         Reflect  .   N - scarf {+Inv}
rCorr    .         Harm     .   j - +0 pair of gloves
MR       +....                  g - +2 pair of boots
Stlth    ..........             E - amulet of guardian spirit
HPRegen  0.32/turn              n - +6 ring of strength
MPRegen  0.16/turn              B - +4 ring of evasion

@: no status effects
A: iridescent scales 1, blurry vision 1, deformed body, high mp 1
a: Evoke Invisibility


You were on level 1 of the Snake Pit.
You were not hungry.

You visited 4 branches of the dungeon, and saw 24 of its levels.
You also visited: Bailey, Ice Cave and Volcano.

You collected 2598 gold pieces.
You spent 2381 gold pieces at shops.

Inventory:

Hand Weapons
 o - a +8 demon trident of venom (weapon)
 q - a +2 glaive of flaming
 u - a +3 glaive of freezing
 y - a +6 vorpal halberd
 A - a +1 bardiche of freezing
Armour
 c - a +0 helmet (worn)
 g - a +2 pair of boots (worn)
 j - a +0 pair of gloves (worn)
 l - a +2 chain mail of fire resistance
 x - a +2 scale mail of poison resistance (worn)
 I - a +2 cloak of preservation
 M - a +0 troll leather armour
 N - a scarf of invisibility (worn)
Jewellery
 e - an uncursed amulet of regeneration
 n - a +6 ring of strength (left hand)
 B - a +4 ring of evasion (right hand)
 E - an amulet of guardian spirit (around neck)
 H - a +6 ring of intelligence
 O - an uncursed ring of magical power
 U - an uncursed ring of ice
Wands
 d - a wand of acid (10)
 L - a wand of disintegration (20)
 Q - a wand of digging (10)
 T - a wand of polymorph (10)
 V - a wand of paralysis (9)
 X - a wand of enslavement (10)
Scrolls
 m - 9 scrolls of remove curse
 p - 5 scrolls of amnesia
 r - 5 scrolls of immolation
 s - 2 scrolls of fog
 w - 4 scrolls of teleportation
 G - 4 scrolls of enchant armour
 K - 12 scrolls of identify
 S - a scroll of vulnerability
Potions
 a - a potion of might
 b - 2 potions of magic
 h - a potion of invisibility
 i - 3 potions of haste
 k - 10 potions of curing
 z - 3 potions of brilliance
 C - a potion of resistance
 D - 2 potions of mutation
 F - a potion of lignification
 J - a potion of stabbing
 P - 2 potions of heal wounds
 R - a potion of ambrosia
 W - a potion of flight
Miscellaneous
 t - a lightning rod (4/4)
Comestibles
 f - 33 rations


   Skills:
 + Level 13.7 Fighting
 + Level 18.5 Polearms
 - Level 1.7 Throwing
 - Level 14.8 Armour
 - Level 2.6 Dodging


You had 14 spell levels left.
You didn't know any spells.
Your spell library contained the following spells:

 Spells                   Type           Power        Failure   Level  Hunger
 Animate Skeleton         Necr           N/A          47%         1    ##.....
 Apportation              Tloc           #.....       47%         1    ##.....
 Corona                   Hex            #......      47%         1    ##.....
 Freeze                   Ice            #...         47%         1    ##.....
 Pain                     Necr           #...         47%         1    ##.....
 Sandblast                Erth           #.....       47%         1    ##.....
 Shock                    Conj/Air       #...         47%         1    ##.....
 Summon Butterflies       Summ           #.......     47%         1    ##.....
 Summon Small Mammal      Summ           #...         47%         1    ##.....
 Call Imp                 Summ           #.......     63%         2    ###....
 Ensorcelled Hibernation  Hex/Ice        #.....       63%         2    ###....
 Passwall                 Tmut/Erth      #.......     63%         2    ###....
 Swiftness                Chrm/Air       #.......     63%         2    ###....
 Call Canine Familiar     Summ           #.......     85%         3    ####...
 Confusing Touch          Hex            #.......     85%         3    ####...
 Dazzling Flash           Conj/Hex       #.....       85%         3    ####...
 Frozen Ramparts          Ice            #.....       85%         3    ####...
 Lesser Beckoning         Tloc           #.........   85%         3    ####...
 Ozocubu's Armour         Chrm/Ice       #.......     85%         3    ####...
 Static Discharge         Conj/Air       #.......     85%         3    ####...
 Stone Arrow              Conj/Erth      #.....       85%         3    ####...
 Summon Guardian Golem    Hex/Summ       #.......     85%         3    ####...
 Tukima's Dance           Hex            #.......     85%         3    ####...
 Vampiric Draining        Necr           #.........   85%         3    ####...
 Airstrike                Air            #.........   99%         4    #####..
 Animate Dead             Necr           N/A          99%         4    #####..
 Hailstorm                Conj/Ice       #.......     99%         4    #####..
 Petrify                  Tmut/Erth      #.......     99%         4    #####..
 Summon Ice Beast         Ice/Summ       #.......     99%         4    #####..
 Summon Lightning Spire   Summ/Air       #.......     99%         4    #####..
 Agony                    Necr           #.......     100%        5    ######.
 Alistair's Intoxication  Tmut/Pois      #.......     100%        5    ######.
 Lee's Rapid Deconstruct  Erth           #.........   100%        5    ######.
 Lightning Bolt           Conj/Air       #.........   100%        5    ######.
 Invisibility             Hex            #.......     100%        6    #######
 Chain Lightning          Conj/Air       #.........   100%        8    #######
 Ignition                 Fire           #.........   100%        8    #######
 Lehudib's Crystal Spear  Conj/Erth      #.........   100%        8    #######
 Absolute Zero            Ice            #.........   100%        9    #######
 Fire Storm               Conj/Fire      #.........   100%        9    #######
 Shatter                  Erth           #.........   100%        9    #######
 Tornado                  Air            #.........   100%        9    #######


Dungeon Overview and Level Annotations

Branches:
Dungeon (15/15)            Temple (0/1) D:7            Lair (6/6) D:9
  Swamp (0/4) Lair:4        Snake (1/4) Lair:2        Slime (0/5) Lair:5
    Orc (2/2) D:9             Elf (0/3) Orc:2        Vaults (0/5) D:14
 Depths (0/5) D:15         Bailey (visited)           IceCv (visited)
Volcano (visited)

Shops:
D:4 [   D:12 ?   D:15 (   Orc:2 :*([=

Portals:
Trove: D:15 (give 14 scrolls of teleportation)

Annotations:
Orc:1 2 runed translucent doors, exclusion: orange crystal statue


Innate Abilities, Weirdness & Mutations

You have an increased reservoir of magic. (+10% MP)
You are partially covered in iridescent scales. (AC +2)
Scrolls take you a little longer to read.
Armour fits poorly on your strangely shaped body.


Message History

You begin reading the scroll.
You continue reading the scroll.
The anaconda barely misses you. The shock serpent barely misses you.
The black mamba bites you but does no damage.
The anaconda bites you.
* * * LOW HITPOINT WARNING * * *
The black mamba bites you but does no damage.
The shock serpent closely misses you.
As you read the scroll of fear, it crumbles to dust.
You assume a fearsome visage.
The shock serpent looks frightened!
The anaconda looks frightened!
The naga warrior looks frightened!
The black mamba looks frightened!
Unknown command.
The naga warrior's grasp on you weakens, but your attempt to escape fails.
The naga warrior loses its grip on you.
A naga comes into view. It is wielding a +0 short sword.
Cornered, the shock serpent turns to fight!
The naga warrior starts to cry.
The shock serpent shoots out a bolt of lightning at you!
The bolt of electricity hits you!!
You die...

#..## ##.. .. ....#
..##.. ###....#...
###.#..#### ...#.....N.
......##..## #.........
.(...#...#.####..# ..#.
##....##.......####...#
#....#.)...#.......#
##..>...#####...@...#
#......## #........#
#.....#.# ##.......#
#.##..### #...#.....#
..###..# #.#.#.#...#
..# ##..........#..S#
### #..>......#.#..
#.........N#### #.
(..#...#


You could see a naga warrior (fleeing) and a shock serpent.

Vanquished Creatures
  A dire elephant (D:15)
  An ettin (D:9)
  3 fire dragons
  2 vault guards (D:14)
  7 hydras
  4 centaur warriors
  13 two-headed ogres
  2 anacondas (Snake:1)
  A tengu warrior (D:14)
  3 ogre magi (Orc:2)
  A shock serpent (Snake:1)
  Sonja (D:11)
  Nergalle (Lair:1)
  3 unseen horrors
  5 skeletal warriors (D:14)
  3 orc knights
  3 wizards
  3 necromancers
  A deep elf mage (D:14)
  A mana viper (Snake:1)
  A harpy (shapeshifter) (D:13)
  8 ugly things
  5 cyclopes
  6 manticores
  An elephant (shapeshifter) (D:15)
  Maurice (D:11)
  15 elephants
  2 centaur zombies (D:14)
  2 naga magi (Snake:1)
  5 black mambas
  2 gargoyles
  7 spiny frogs
  2 efreet (D:14)
  A torpor snail (Lair:2)
  6 kobold demonologists
  8 komodo dragons
  A rime drake (Lair:6)
  11 ice devils (IceCv)
  3 tengu conjurers
  6 trolls
  6 hornets
  4 polar bears (Lair:6)
  A slime creature (shapeshifter) (D:14)
  16 slime creatures
  9 hippogriffs
  2 bog bodies (Lair:4)
  24 blink frogs
  6 dream sheep
  A vampire (D:15)
  11 spriggans
  2 shadows
  39 yaks
  A wyvern (D:10)
  16 fire bats (Volcano)
  18 humans (D:14)
  4 steam dragons
  3 basilisks
  A wraith (D:14)
  6 vampire mosquitoes
  A hungry ghost (D:12)
  5 nagas
  2 wargs
  4 swamp worms (Lair:4)
  3 acid dragons (D:7)
  8 water moccasins
  6 porcupines
  23 orc warriors
  A necrophage (D:9)
  11 ice beasts
  4 sky beasts
  8 black bears
  32 ogres
  2 phantoms
  5 boggarts (Lair:6)
  20 wolves
  20 centaurs
  13 crocodiles
  7 big kobolds
  15 bullfrogs
  A wyvern skeleton (D:8)
  9 scorpions
  23 killer bees
  An electric eel (Lair:4)
  12 wights
  5 howler monkeys
  3 bullfrog zombies
  10 crimson imps
  6 lava snakes (Volcano)
  2 quasits
  5 jellies
  19 orc priests
  2 centaur skeletons
  5 hounds
  7 iguanas
  5 bullfrog skeletons
  Jessica (D:3)
  Terence (D:3)
  14 worker ants
  25 orc wizards
  5 polar bear simulacra (Lair:2)
  A yak simulacrum (Lair:2)
  3 wolf simulacra (Lair:2)
  A hound zombie (D:10)
  A hound skeleton (D:5)
  2 worker ant zombies
  8 gnolls
  15 adders
  3 shadow imps
  7 white imps (IceCv)
  5 ufetubi (IceCv)
  An ooze (D:1)
  3 adder zombies
  3 adder skeletons
  3 worms
  3 dart slugs
  3 leopard geckos
  124 orcs
  A ball python (D:1)
  2 giant cockroaches
  2 gnoll zombies (D:3)
  11 goblins
  8 hobgoblins
  9 jackals
  4 quokkas
  8 bats
  9 frilled lizards
  36 kobolds
  A leopard gecko skeleton (D:8)
  2 quokka skeletons
  6 rats
  2 river rat simulacra (Lair:2)
  A bush (D:3)
961 creatures vanquished.

Vanquished Creatures (collateral kills)
  A two-headed ogre (Orc:2)
  An ogre mage (Orc:2)
  3 spriggans (Lair:6)
  A wolf (Lair:6)
  An ogre (Orc:2)
7 creatures vanquished.

Vanquished Creatures (others)
  A reaper (IceCv)
  2 two-headed ogres (Orc:2)
  A yak (Lair:6)
  3 wolves (Lair:6)
  A killer bee (D:8)
  4 white imps (IceCv)
  3 ufetubi (IceCv)
  A kobold (Bailey)
  A bush (Lair:6)
  10 fungi
  17 plants
44 creatures vanquished.

Grand Total: 1012 creatures vanquished

Notes
Turn   | Place    | Note
-------+----------+-------------------------------------------
     0 | D:1      | Johnny the Demigod Gladiator began the quest for the Orb.
     0 | D:1      | Reached XP level 1. HP: 17/17 MP: 3/3
   228 | D:1      | Reached skill level 3 in Polearms
   236 | D:1      | Found a shattered altar of Ashenzari.
   341 | D:1      | Reached XP level 2. HP: 24/24 MP: 4/4
   862 | D:2      | Reached XP level 3. HP: 30/30 MP: 5/5
   894 | D:2      | Found a white marble altar of Elyvilon.
  1216 | D:2      | Reached skill level 4 in Polearms
  1585 | D:2      | Reached XP level 4. HP: 37/37 MP: 6/6
  1784 | D:3      | Found a stormy altar of Qazlal.
  1977 | D:3      | Noticed Jessica
  1988 | D:3      | Killed Jessica
  2136 | D:3      | Found a basalt altar of Yredelemnul.
  2227 | D:3      | Noticed Terence
  2244 | D:3      | Killed Terence
  2305 | D:3      | Reached XP level 5. HP: 45/45 MP: 7/7
  2356 | D:3      | Noticed Grinder
  2367 | D:3      | Paralysed by Grinder for 5 turns
  2771 | D:4      | Reached skill level 5 in Polearms
  2923 | D:4      | Noticed a phantom
  2950 | D:4      | Killed a phantom
  2950 | D:4      | Reached XP level 6. HP: 41/52 MP: 8/8
  3271 | D:3      | Paralysed by Grinder for 7 turns
  3278 | D:3      | Noticed Grinder
  3278 | D:3      | Grinder changed into Grinder the crimson imp
  3300 | D:3      | Killed Grinder the crimson imp
  3815 | D:4      | Reached skill level 6 in Polearms
  3877 | D:4      | Noticed Eustachio
  3879 | D:4      | Noticed Eustachio
  3879 | D:4      | Eustachio changed into Eustachio the ice beast
  3899 | D:4      | Killed Eustachio the ice beast
  4202 | D:4      | Reached XP level 7. HP: 54/60 MP: 9/9
  4529 | D:4      | Found Lurphohurr's Armour Shop.
  4713 | D:4      | Reached skill level 7 in Polearms
  4734 | D:4      | Found a shattered altar of Ashenzari.
  4791 | D:5      | Entered Level 5 of the Dungeon
  4791 | D:5      | Noticed Sigmund
  4942 | D:5      | Reached skill level 5 in Fighting
  5061 | D:5      | Noticed Sigmund
  5061 | D:5      | Sigmund changed into Sigmund the killer bee
  5081 | D:5      | Killed Sigmund the killer bee
  5813 | D:6      | Found an ancient bone altar of Kikubaaqudgha.
  5820 | D:6      | Reached XP level 8. HP: 66/69 MP: 10/10
  5873 | D:6      | Reached skill level 8 in Polearms
  6393 | D:6      | Reached skill level 9 in Polearms
  6916 | D:7      | Found a transporter.
  7122 | D:7      | Found a staircase to the Ecumenical Temple.
  7160 | D:7      | Found a hide-covered altar of Uskayaw.
  7217 | D:7      | Found a transporter.
  7328 | D:7      | Reached XP level 9. HP: 44/78 MP: 11/11
  7586 | D:7      | Reached skill level 10 in Polearms
  8131 | D:8      | Found a sacrificial altar of Ru.
  8357 | D:8      | Reached skill level 11 in Polearms
  8360 | D:8      | Found a roughly hewn altar of Beogh.
  8393 | D:8      | Found a snail-covered altar of Cheibriados.
  8592 | D:8      | You fall into a shaft and drop 3 floors!
  8723 | D:10     | Entered Level 10 of the Dungeon
  8723 | D:10     | Noticed a gargoyle
  8775 | D:11     | Noticed Sonja
  8844 | D:11     | Noticed a manticore
  8865 | D:11     | Killed a manticore
  8865 | D:11     | Reached XP level 10. HP: 64/88 MP: 13/13
  9050 | D:11     | Noticed Maurice
  9179 | D:11     | Reached skill level 12 in Polearms
  9244 | D:11     | Killed Maurice
  9394 | D:9      | Found a staircase to the Orcish Mines.
  9943 | D:9      | Found a staircase to the Lair.
 10278 | D:9      | Reached skill level 13 in Polearms
 10425 | D:9      | Reached XP level 11. HP: 83/97 MP: 14/14
 10453 | D:9      | Found an opulent altar of Gozag.
 12288 | D:10     | Noticed an orc knight
 12297 | D:10     | Killed an orc knight
 12297 | D:10     | Reached skill level 10 in Fighting
 12456 | Orc:1    | Entered Level 1 of the Orcish Mines
 12506 | Orc:1    | Found a dark tunnel.
 12513 | Volcano  | Entered a volcano
 12967 | Volcano  | Reached skill level 14 in Polearms
 13067 | Volcano  | Noticed a fire dragon
 13092 | Volcano  | Gained mutation: Armour fits poorly on your strangely
                  | shaped body. [potion of mutation]
 13092 | Volcano  | Gained mutation: Scrolls take you a little longer to read.
                  | [potion of mutation]
 13092 | Volcano  | Gained mutation: You are partially covered in iridescent
                  | scales. (AC +2) [potion of mutation]
 13282 | Volcano  | Killed a fire dragon
 13295 | Volcano  | Found a burning altar of Makhleb.
 13338 | Volcano  | Found a radiant altar of Vehumet.
 13446 | Orc:1    | Noticed an ettin
 13739 | Orc:1    | Found a runed translucent door.
 13753 | Orc:1    | Found the +10 tower shield of Ignorance {rN+ Int-4}
 13759 | Orc:1    | Found a runed translucent door.
 13835 | Orc:1    | Noticed an orange crystal statue
 13990 | Orc:2    | Entered Level 2 of the Orcish Mines
 13990 | Orc:2    | Noticed an orc knight
 13995 | Orc:2    | Found Reodups's Book Shoppe.
 14318 | Lair:1   | Entered Level 1 of the Lair of Beasts
 14505 | Lair:1   | Found a frozen archway.
 14578 | IceCv    | Entered an ice cave
 14899 | IceCv    | Killed a reaper
 14921 | IceCv    | Reached XP level 12. HP: 108/108 MP: 12/15
 15071 | IceCv    | Reached skill level 15 in Polearms
 16300 | Lair:1   | Noticed Nergalle
 16307 | Lair:1   | Killed Nergalle
 16963 | Lair:2   | Found a staircase to the Snake Pit.
 17567 | Lair:2   | You fall into a shaft and drop 2 floors!
 18036 | Lair:3   | Reached skill level 16 in Polearms
 18718 | Lair:4   | Noticed a five-headed hydra
 18728 | Lair:4   | Killed a five-headed hydra
 19225 | Lair:4   | Found a staircase to the Swamp.
 19535 | Lair:5   | Reached XP level 13. HP: 94/118 MP: 16/16
 19981 | Lair:5   | Found a staircase to the Slime Pits.
 20132 | Lair:5   | Reached skill level 17 in Polearms
 20639 | Lair:6   | Entered Level 6 of the Lair of Beasts
 21394 | Lair:6   | Paralysed by a hornet for 3 turns
 21651 | Lair:6   | Got an ichor-stained cloak
 21665 | Lair:6   | Identified the +0 cloak of the Bagpipe {*Drain rF- Dex+8}
                  | (You found it on level 6 of the Lair of Beasts)
 22757 | Orc:2    | Reached skill level 18 in Polearms
 22757 | Orc:2    | Reached XP level 14. HP: 129/129 MP: 17/17
 22928 | Orc:2    | Bought a manual of Armour for 1435 gold pieces
 23047 | Orc:2    | Found a staircase to the Elven Halls.
 23802 | Orc:2    | Found Nullaotahi's Armour Emporium.
 23802 | Orc:2    | Found Viubliek's Jewellery Shop.
 23820 | Orc:2    | Found Ceadix's Assorted Antiques.
 23820 | Orc:2    | Found Secs's Antique Weapon Emporium.
 23832 | Orc:2    | Bought a scroll of identify for 68 gold pieces
 23838 | Orc:2    | Bought a scroll of magic mapping for 119 gold pieces
 23838 | Orc:2    | Bought 2 potions of heal wounds for 340 gold pieces
 24826 | D:11     | Killed Sonja
 24849 | D:11     | Reached skill level 5 in Armour
 25133 | D:12     | Found Kizabi's Magic Scroll Shop.
 25138 | D:12     | Bought a scroll of identify for 30 gold pieces
 25138 | D:12     | Bought a scroll of identify for 30 gold pieces
 25138 | D:12     | Bought a scroll of identify for 30 gold pieces
 25147 | D:12     | Found a flagged portal.
 25155 | Bailey   | Entered a bailey
 25812 | D:12     | Bought 2 scrolls of identify for 60 gold pieces
 25812 | D:12     | Bought a scroll of vulnerability for 112 gold pieces
 26765 | D:14     | Reached skill level 10 in Armour
 27500 | D:14     | Reached XP level 15. HP: 101/137 MP: 12/18
 27582 | D:14     | Found a gate to the Vaults.
 28813 | D:15     | Entered Level 15 of the Dungeon
 28851 | D:15     | Found a portal to a secret trove of treasure.
 28905 | D:15     | Found Ytoed's Weapon Boutique.
 29037 | D:15     | Found a sparkling altar of Nemelex Xobeh.
 29414 | D:15     | Found a staircase to the Depths.
 30221 | D:12     | Bought a scroll of teleportation for 45 gold pieces
 30221 | D:12     | Bought a scroll of enchant armour for 112 gold pieces
 30342 | Snake:1  | Entered Level 1 of the Snake Pit
 30779 | Snake:1  | Killed from afar by a shock serpent

Illustrated notes

Levels and vault maps discovered:
D:1:      psy_arrival_radial01, layout_rooms, ashenzari_altar_1
D:2:      layout_loops_ring, elyvilon_altar_1
D:3:      layout_loops_ring, lemuel_zombie_altar_yredelemnul,
          grunt_qazlal_sundering, serial_forest, infiniplex_forest_clump_medium,
          infiniplex_forest_end_1, infiniplex_forest_zigzag_1,
          infiniplex_forest_end_3, infiniplex_forest_straight_1,
          infiniplex_forest_clump_small, uniq_terence, uniq_grinder,
          uniq_jessica
D:4:      minmay_chambers_of_fours, layout_rooms, kennysheep_little_box,
          first_ration, serial_shops, kennysheep_mini_moat, uniq_eustachio
D:5:      layout_basic, uniq_sigmund
D:6:      layout_loops_ring, kiku_gazebo_garden_becter
D:7:      gammafunk_cloud_chamber, layout_cave_pools,
          nicolae_overflow_crystal_walls, minmay_temple_entry_mist,
          hangedman_decor_opposing, the_bakery
D:8:      layout_basic, cheibriados_altar_1, special_room [special_room_orc],
          hangedman_ru_absence
D:9:      layout_basic, nicolae_gozag_cash_rules_everything_around_me,
          minmay_lair_entry_grove, erik_orc_3
D:10:     cheibrodos_orc_bank, layout_basic
D:11:     layout_roguey, uniq_maurice, uniq_sonja
D:12:     layout_rooms, serial_shops, shop, enter_bailey_2, drop_trap
D:13:     layout_roguey
D:14:     minmay_stepped, layout_long_grid, grunt_vaults_entry_tiered,
          hangedman_decor_lopped
D:15:     hangedman_depths_entry_try_elsewhere_first, layout_irregular_city,
          nicolae_trove_entry_free_sample, serial_shops, shop_coins,
          serial_bayou_pond_c, nemelex_xobeh_ov_fountains_minmay
Lair:1:   layout_roguey, portal_ice_cave_entry_ice_beasts, uniq_nergalle
Lair:2:   layout_hall_layers, guppyfry_snake_entry_island,
          eino_house_with_fridge
Lair:3:   layout_big_grid, lemuel_old_faithful
Lair:4:   layout_cave_pods, nicolae_swamp_entry_splash_gauntlet
Lair:5:   layout_roguey, dpeg_slime_entry_corner
Lair:6:   minmay_lair_end_enchanted_forest, layout_regular_city,
          chequers_serial_rivers_large_a
Snake:1:  layout_onion_interference
Orc:1:    layout_caves, enter_volcano_4, chequers_guarded_unrand_ignorance
Orc:2:    st_orc_ogre_mass, layout_diamond_mine, serial_shops,
          nicolae_shop_trees

Skill      XL: |  1  2  3  4  5  6  7  8  9 10 11 12 13 14 15 |
---------------+----------------------------------------------+-----
Polearms       | 3 4 5 6 7 9 11 13 14 16 18 | 18.5
Fighting       | 2 3 4 5 6 8 9 10 12 13 | 13.7
Armour         | 12 14 | 14.8
Throwing       | |  1.7
Dodging        | |  2.6

Action                   |  1- 3 |  4- 6 |  7- 9 | 10-12 | 13-15 || total
-------------------------+-------+-------+-------+-------+-------++-------
Melee: Trident           |    59 |       |       |       |       ||    59
       Spear             |    91 |   393 |   599 |       |       ||  1083
       Halberd           |       |       |    76 |   991 |    93 ||  1160
       Demon trident     |       |       |       |   237 |  1320 ||  1557
Throw: Throwing net      |       |       |     3 |       |       ||     3
 Abil: Evoke Invisibilit |       |       |       |     8 |     6 ||    14
Evoke: Wand              |       |     4 |    39 |    25 |    40 ||   108
       Lightning rod     |       |       |       |       |     5 ||     5
  Use: Potion            |     2 |     3 |     5 |    17 |     2 ||    29
       Scroll            |       |     4 |    11 |    24 |    10 ||    49
 Stab: Held in net/web   |       |       |     1 |       |       ||     1
       Invisible         |       |       |       |    29 |    17 ||    46
       Sleeping          |       |       |       |     6 |     1 ||     7
       Distracted        |       |       |       |       |     4 ||     4
  Eat: Chunk             |     2 |     6 |    15 |    22 |    33 ||    78
       Ration            |       |     1 |       |     5 |     2 ||     8
Armor: Leather armour    |    15 |       |       |       |       ||    15
       Chain mail        |    44 |    11 |       |       |       ||    55
       Scale mail        |       |    45 |   232 |   437 |   119 ||   833
       Skin              |       |       |       |    14 |       ||    14
       Troll leather arm |       |       |       |       |   136 ||   136
Dodge: Dodged            |    72 |    68 |   273 |   624 |   595 ||  1632
Block: Other             |     4 |    42 |    41 |       |       ||    87
       Reflection        |       |       |     1 |       |       ||     1
